Map: Ulrena

Players

Bonkers - Winner!

  • Race: Terran Terran
  • League: Master

MorN

  • Race: Terran Terran
  • League: Master

VOD

Have the link to the VOD?

Description

Time

  • Played on: Jan. 11, 2016, 1:22 p.m.
  • Length: 5:08
Show
View Real Time Build Order
Export as new Build Order

Bonkers Terran - Winner!

Build Orders: 1/1/1, Liberator Opening 

Get SALT Encoding   

  12  0:04  SCV  
  13  0:16  SCV  
  13  0:20  Supply Depot  
  14  0:28  SCV  
  15  0:29  Refinery  
  15  0:42  Barracks  
  15  0:45  SCV  
  16  0:58  SCV  
  17  1:09  Refinery  
  17  1:10  SCV  
  18  1:22  SCV  
  19  1:28  Marine  
  19  1:30  Supply Depot  
  20  1:37  Factory  
  20  1:46  Marine  
  22  1:54  Orbital Command  
  21  2:04  Marine  
  22  2:08  Bunker  
  22  2:22  Starport  
  20  2:47  SCV  
  21  2:55  Marine  
  21  2:57  Factory Reactor  
  22  2:59  Medivac  
  22  3:03  SCV  
  25  3:12  Bunker, Liberator  
  25  3:15  SCV  
  31  3:39  Supply Depot, Hellion x2  
  33  3:47  SCV  
  35  3:57  Marine  
  35  4:00  Hellion x2  
  35  4:02  Supply Depot  
  39  4:13  SCV  
  40  4:26  SCV  
  41  4:38  SCV  
  42  4:50  SCV  
Show
View Real Time Build Order
Export as new Build Order

MorN Terran 

Build Orders:  

Get SALT Encoding   

  12  0:00  SCV  
  13  0:12  SCV  
  14  0:17  Supply Depot  
  14  0:25  SCV  
  15  0:39  Barracks  
  15  0:52  Barracks  
  15  1:05  Barracks  
  15  1:09  SCV  
  16  1:26  Marine  
  16  1:27  Orbital Command  
  17  1:39  Supply Depot  
  17  1:43  Marine  
  18  1:52  Marine x2  
  19  2:00  SCV  
  20  2:02  Marine  
  21  2:10  Marine x2  
  23  2:17  SCV  
  23  2:19  Marine  
  25  2:28  Marine x2  
  23  2:37  Marine  
  23  2:39  SCV  
  25  2:45  Marine  
  27  2:59  SCV  
  27  3:00  Command Center  
  27  3:12  Refinery  
  27  3:13  SCV  
  27  3:14  Refinery  
  28  3:25  SCV  
  29  3:37  SCV  
  30  3:49  SCV  
  30  3:54  Command Center  
  31  3:56  Factory  
  31  4:12  SCV  
  31  4:15  Orbital Command  
  32  4:18  Barracks Tech Lab  
  32  4:23  Barracks Tech Lab  
  32  4:24  SCV  
  33  4:28  Engineering Bay  
  33  4:29  Barracks Reactor  
  33  4:36  SCV  
  33  4:37  Marine  
  30  4:48  SCV  
Tags
 
Add a new tag
Caveats
  • Supply blocks, unpowered buildings, or Contaminate may cause inaccurate times.
  • Supply counts are checked every 10 seconds.